 Dungeon Crawl Stone Soup version 0.20-a0-622-g01f5896 (webtiles) character file.

9775 nubinia the Slinger (level 11, 0/52 HPs)
             Began as a Spriggan Arcane Marksman on Feb 8, 2017.
             Was a High Priest of Fedhas.
             Killed by drain life
             ... invoked by a soul eater
             ... summoned by an orc sorcerer
              (17 damage)
             ... on level 1 of the Orcish Mines on Feb 9, 2017.
             The game lasted 01:48:04 (14473 turns).

nubinia the Slinger (Spriggan Arcane Marksman)     Turns: 14473, Time: 01:48:05

Health: 0/52       AC:  4    Str: 11    XL:     11   Next: 27%
Magic:  20/24      EV: 22    Int: 18    God:    Fedhas [*****.]
Gold:   673        SH:  7    Dex: 17    Spells: 6/27 levels left

rFire    + . .     SeeInvis +   b - +2 dagger (freeze)
rCold    . . .     Gourm    .   e - +1 robe
rNeg     . . .     Faith    .   k - +0 buckler
rPois    +         Spirit   .   (helmet restricted)
rElec    .         Reflect  .   J - +0 cloak
rCorr    .         Harm     .   (gloves unavailable)
MR       +....                  (boots unavailable)
Stlth    +++.......             (no amulet)
Regen    0.2/turn               t - ring of poison resistance
                                o - +5 ring of strength

@: very quick
A: unfitting armour, see invisible, fire resistance 1, herbivore 3, speed 3,
slow metabolism 2
a: Fungal Bloom, Evolution, Sunlight, Growth, Reproduction, Rain, Renounce
Religion


You were on level 1 of the Orcish Mines.
You worshipped Fedhas.
Fedhas was extremely pleased with you.
You were not hungry.

You visited 3 branches of the dungeon, and saw 13 of its levels.

You collected 1023 gold pieces.
You spent 350 gold pieces at shops.

Inventory:

Hand Weapons
 a - a +1 hunting sling
 b - a +2 dagger of freezing (weapon)
 h - a +0 dagger
 B - a +2 flail of protection
 F - a +4 whip
 K - a +0 blowgun
 Q - a +0 dagger of draining
Missiles
 d - 50 sling bullets
 i - 218 stones (quivered)
 L - 9 poisoned needles
Armour
 e - a +1 robe (worn)
 j - a scarf of cold resistance
 k - a +0 buckler (worn)
 J - a +0 cloak (worn)
Jewellery
 o - a +5 ring of strength (left hand)
 t - a ring of poison resistance (right hand)
 G - an uncursed ring of flight
 M - a cursed ring of loudness {unknown}
Wands
 D - a wand of acid (5/15)
 I - a wand of polymorph (18/24)
Scrolls
 l - a scroll of fear
 r - 4 scrolls of remove curse
 s - 3 scrolls of teleportation
 v - 2 scrolls of magic mapping
 y - 2 scrolls of blinking
Potions
 g - a potion of might
 m - a potion of brilliance
 n - a potion of agility {unknown}
 p - 4 potions of curing
 q - 3 potions of heal wounds
 w - a potion of invisibility
 x - a potion of mutation
 A - 2 potions of resistance
 C - a potion of flight
 E - 2 potions of lignification {unknown}
 H - a potion of cancellation
 O - a potion of magic {unknown}
Books
 c - a book of Debilitation

   Spells                             Type                      Level
   a - Corona                         Hexes                        1
   b - Slow                           Hexes                        2
   c - Gell's Gravitas                Hexes/Translocation          3
   d - Inner Flame                    Hexes/Fire                   3
   e - Cause Fear                     Hexes                        4
   f - Leda's Liquefaction            Hexes/Earth                  4
 z - a book of Changes

   Spells                             Type                      Level
   a - Beastly Appendage              Transmutation                1
   b - Sticks to Snakes               Transmutation                2
   c - Spider Form                    Transmutation/Poison         3
   d - Ice Form                       Ice/Transmutation            4
   e - Blade Hands                    Transmutation                5
 N - a book of Maledictions

   Spells                             Type                      Level
   a - Corona                         Hexes                        1
   b - Ensorcelled Hibernation        Hexes/Ice                    2
   c - Confuse                        Hexes                        3
   d - Tukima's Dance                 Hexes                        3
   e - Dazzling Spray                 Conjuration/Hexes            3
Comestibles
 f - 9 bread rations
 u - 13 fruits
 P - a royal jelly


   Skills:
 - Level 3.0 Fighting
 + Level 3.3 Short Blades
 + Level 11.7(11.8) Slings
 + Level 0.8(6.3) Throwing
 + Level 6.8 Dodging
 + Level 5.5 Stealth
 + Level 2.8 Shields
 + Level 8.8 Spellcasting
 + Level 0.2 Conjurations
 + Level 9.3 Hexes
 + Level 0.1 Ice Magic
 * Level 6.2 Invocations


You had 6 spell levels left.
You knew the following spells:

 Your Spells              Type           Power        Failure   Level  Hunger
a - Corona                Hex            #####..      1%          1    None
b - Slow                  Hex            #####...     1%          2    None
c - Cause Fear            Hex            #####.....   2%          4    ###....
d - Dazzling Spray        Conj/Hex       ####..       8%          3    None
e - Inner Flame           Hex/Fire       ###.....     8%          3    None
f - Confuse               Hex            #####...     1%          3    None
g - Gell's Gravitas       Hex/Tloc       ###.......   8%          3    None
h - Ensorcelled Hibernat  Hex/Ice        ####..       3%          2    None


Dungeon Overview and Level Annotations

Branches:
Dungeon (10/15)            Temple (1/1) D:6             Orc (2/2) D:9
    Elf (0/3) Orc:2
   Lair: D:8-11

Altars:
Ashenzari
Cheibriados
Dithmenos
Elyvilon
Fedhas
Gozag
Hepliaklqana
Kikubaaqudgha
Makhleb
Nemelex Xobeh
Okawaru
Qazlal
Ru
Sif Muna
Trog
Uskayaw
Vehumet
Xom
Yredelemnul
Zin
The Shining One

Shops:
D:4 }   D:8 :

Annotations:
D:3 Ijyb


Innate Abilities, Weirdness & Mutations

You are very small and have problems with some larger weapons.
You are too small for most types of armour.
You have supernaturally acute eyesight. (SInv)
You are a herbivore.
You cover ground extremely quickly.
You need consume almost no food.
Your flesh is heat resistant. (rF+)


Message History

The orc sorcerer is lightly wounded.
The warg misses you. The orc sorcerer completely misses you.
You block the orc wizard's attack. The chaos spawn completely misses you.
You closely miss the orc sorcerer.
The orc sorcerer is lightly wounded.
You block the warg's attack. You block the orc sorcerer's attack.
You strike the helpless orc sorcerer from behind!
You impale the orc sorcerer!! You freeze the orc sorcerer.
The orc sorcerer is severely wounded.
The orc sorcerer is no longer blind.
The warg bites you. You block the orc wizard's attack.
The chaos spawn completely misses you. The orc sorcerer misses you.
The warg bites you!
Things that are here:
a dagger; a club; an orc corpse The orc sorcerer gestures wildly while chanting.
The orc sorcerer casts a spell.
Found 24 gold pieces.
The soul eater draws from the surrounding life force!
You die...
Fedhas appreciates your contribution to the ecosystem.

##### ####### ##
.#..###..#..#####.### #
.....#.........#....#.#
.........3..........$..
....................#
##
$......>)..4...$....#
##### ##.
.........o.o.h..@..#
##...###..
.#.....4.......#.###
#......##.
..$.............##
##........
...............##
#####....
...............# ##...
..#########...## ##..
.. ##.... #... . #..##
#... ..# ##..


You could see a soul eater, a chaos spawn, a warg, an orc sorcerer and an orc
wizard.

Vanquished Creatures
  3 two-headed ogres
  A komodo dragon (D:10)
  4 trolls
  3 wyverns
  3 yaks (D:10)
  Menkaure (D:5)
  2 wargs
  2 water moccasins
  12 orc warriors
  2 ice beasts
  6 ogres
  A black bear (D:10)
  2 phantoms
  2 sky beasts
  A necrophage (D:7)
  An eye of draining (D:9)
  A centaur (D:5)
  A crocodile (D:10)
  4 bullfrogs
  2 scorpions
  4 wights (D:8)
  4 howler monkeys
  A centaur zombie (D:9)
  5 crimson imps
  2 hounds (D:7)
  3 jellies
  10 orc priests
  A centaur skeleton (D:8)
  4 bullfrog skeletons
  4 iguanas
  Terence (D:3)
  19 orc wizards
  11 worker ants
  3 hound skeletons
  A worker ant zombie (D:8)
  10 adders
  11 gnolls
  4 shadow imps
  4 oozes
  An adder zombie (D:7)
  5 worms
  A dart slug (D:1)
  4 leopard geckos
  45 orcs
  3 ball pythons
  7 bats
  6 giant cockroaches
  8 goblins
  10 hobgoblins
  13 jackals
  5 kobolds
  6 quokkas
  2 frilled lizards
  A jackal skeleton (D:5)
  A leopard gecko skeleton (D:8)
  A quokka skeleton (D:8)
  7 rats
282 creatures vanquished.

Vanquished Creatures (others)
  A shadow imp (D:8)
  175 toadstools
176 creatures vanquished.

Grand Total: 458 creatures vanquished

Notes
Turn   | Place    | Note
-------+----------+-------------------------------------------
     0 | D:1      | nubinia the Spriggan Arcane Marksman began the quest for the Orb.
     0 | D:1      | Reached XP level 1. HP: 9/9 MP: 3/3
     1 | D:1      | Found a runed door.
     1 | D:1      | Noticed a jelly
   339 | D:1      | Reached XP level 2. HP: 10/14 MP: 5/5
   537 | D:1      | Reached skill level 1 in Fighting
   634 | D:1      | Reached skill level 3 in Slings
   661 | D:1      | Learned a level 2 spell: Slow
   901 | D:2      | Gained mutation: Your flesh is heat resistant. (rF+) [potion of beneficial mutation]
  1221 | D:2      | Reached XP level 3. HP: 13/18 MP: 4/6
  1853 | D:2      | Reached XP level 4. HP: 9/22 MP: 7/7
  2758 | D:3      | Noticed Ijyb
  2776 | D:3      | Noticed Terence
  3181 | D:2      | Reached skill level 4 in Slings
  3700 | D:4      | Reached skill level 1 in Short Blades
  3931 | D:4      | Reached XP level 5. HP: 26/26 MP: 7/9
  3951 | D:4      | Found Umiplig's Gadget Shoppe.
  4081 | D:3      | Killed Terence
  4138 | D:3      | Reached skill level 5 in Slings
  4454 | D:3      | Reached XP level 6. HP: 22/30 MP: 8/11
  5019 | D:5      | Entered Level 5 of the Dungeon
  5079 | D:5      | Noticed an ice beast
  5124 | D:5      | Reached skill level 1 in Shields
  5124 | D:5      | Reached skill level 5 in Hexes
  5160 | D:5      | Reached XP level 7. HP: 35/35 MP: 10/13
  5186 | D:5      | Noticed Menkaure
  5723 | D:5      | Killed Menkaure
  5723 | D:5      | Reached skill level 6 in Slings
  5723 | D:5      | Reached skill level 1 in Stealth
  6137 | D:5      | Reached XP level 8. HP: 38/40 MP: 13/15
  6563 | D:6      | Reached skill level 7 in Slings
  6596 | D:6      | Found a sparkling altar of Nemelex Xobeh.
  6693 | D:6      | Found a staircase to the Ecumenical Temple.
  6702 | Temple   | Entered the Ecumenical Temple
  6740 | Temple   | Became a worshipper of Fedhas Madash
  6795 | D:6      | You fall through a shaft for 3 floors!
  6854 | D:9      | Reached skill level 5 in Spellcasting
  6863 | D:9      | Reached skill level 5 in Dodging
  6885 | D:9      | Noticed a two-headed ogre
  6943 | D:9      | Killed a two-headed ogre
  6943 | D:9      | Reached skill level 9 in Slings
  6943 | D:9      | Reached XP level 9. HP: 27/44 MP: 16/18
  7864 | D:6      | Reached * piety under Fedhas
  7909 | D:7      | Learned a level 4 spell: Cause Fear
  8120 | D:7      | Reached skill level 1 in Invocations
  8583 | D:7      | Reached skill level 10 in Slings
  8749 | D:7      | Upgraded the game from 0.20-a0-613-g92415a4 to 0.20-a0-622-g01f5896
  9159 | D:8      | Reached ** piety under Fedhas
  9573 | D:8      | Noticed a two-headed ogre
  9605 | D:8      | Killed a two-headed ogre
  9605 | D:8      | Reached XP level 10. HP: 49/49 MP: 22/22
  9641 | D:8      | Found Isux's Book Shop.
  9904 | D:8      | Learned a level 3 spell: Gell's Gravitas
 10845 | D:9      | Reached skill level 11 in Slings
 10895 | D:9      | Found a staircase to the Orcish Mines.
 11181 | D:9      | Reached *** piety under Fedhas
 11845 | D:10     | Entered Level 10 of the Dungeon
 12244 | D:10     | Reached skill level 5 in Invocations
 12292 | D:10     | Learned a level 3 spell: Inner Flame
 12623 | D:8      | Bought a book of Maledictions for 350 gold pieces
 12627 | D:8      | Learned a level 3 spell: Confuse
 12631 | D:8      | Learned a level 3 spell: Dazzling Spray
 12634 | D:8      | Learned a level 2 spell: Ensorcelled Hibernation
 12899 | D:10     | Reached **** piety under Fedhas
 13324 | Orc:1    | Entered Level 1 of the Orcish Mines
 13548 | Orc:2    | Entered Level 2 of the Orcish Mines
 13600 | Orc:1    | Reached XP level 11. HP: 17/52 MP: 11/24
 14031 | Orc:2    | Noticed a two-headed ogre
 14157 | Orc:1    | Killed a two-headed ogre
 14157 | Orc:1    | Reached skill level 5 in Stealth
 14374 | Orc:2    | Reached ***** piety under Fedhas
 14441 | Orc:2    | Found a staircase to the Elven Halls.
 14446 | Orc:1    | Noticed an orc sorcerer
 14470 | Orc:1    | Noticed a soul eater
 14473 | Orc:1    | Killed from afar by a soul eater

Vault maps used:
D:1:      dpeg_arrival_caged_fury
D:2:      first_bread, roderic_serpentine_path
D:3:      kennysheep_decorative_pillar, minmay_close_crescents, uniq_terence,
          uniq_iyjb
D:4:      serial_shops, kennysheep_mini
D:5:      uniq_menkaure
D:6:      minmay_temple_entry_grid, nemelex_spade_bored_becter
D:7:      hangedman_decor_points
D:8:      serial_shops, nicolae_shop_window_shopping, grunt_ogre_cave,
          minmay_misc_feat_four_crosses
D:9:      david_orc_4, serial_curves, eino_curves_01, eino_curves_02
D:10:     erik_lair_dragon
Temple:   nicolae_temple_the_god_donut
Orc:1:    led_sif_book
Orc:2:    grunt_orc_tribal_feast

Skill      XL: |  1  2  3  4  5  6  7  8  9 10 11 |
---------------+----------------------------------+-----
Hexes          | 4 5 6 7 8 9 |  9.3
Fighting       | 1 2 3 |  3.0
Slings         | 3 4 5 6 9 10 11 | 11.7
Spellcasting   | 2 3 4 5 7 8 |  8.8
Short Blades   | 1 3 |  3.3
Dodging        | 4 5 6 |  6.8
Shields        | 1 2 |  2.8
Stealth        | 1 2 3 5 |  5.5
Invocations    | 3 5 6 |  6.2
Throwing       | |  0.8
Conjurations   | |  0.2
Ice Magic      | |  0.1

Action                   |  1- 3 |  4- 6 |  7- 9 | 10-12 || total
-------------------------+-------+-------+-------+-------++-------
Melee: Dagger            |    98 |   106 |     7 |   306 ||   517
       Whip              |       |   143 |   140 |     1 ||   284
       Flail             |       |       |   182 |       ||   182
 Fire: Hunting sling     |    78 |    75 |   333 |   450 ||   936
       Blowgun           |       |       |       |    14 ||    14
 Cast: Corona            |    13 |    52 |    85 |    30 ||   180
       Slow              |       |     1 |    11 |    32 ||    44
       Ensorcelled Hiber |       |       |       |     8 ||     8
       Dazzling Spray    |       |       |       |    19 ||    19
       Confuse           |       |       |       |     4 ||     4
       Cause Fear        |       |       |       |     1 ||     1
Invok: Fungal Bloom      |       |       |    17 |    38 ||    55
       Sunlight          |       |       |       |     1 ||     1
Evoke: Wand              |       |       |       |     1 ||     1
  Use: Scroll            |     9 |     5 |     5 |     5 ||    24
       Potion            |     1 |       |       |       ||     1
 Stab: Sleeping          |       |     1 |     3 |     7 ||    11
       Confused          |       |       |       |     6 ||     6
       Invisible         |       |       |       |    14 ||    14
  Eat: Royal jelly       |       |     2 |     2 |     1 ||     5
       Bread ration      |       |       |       |     1 ||     1
Armor: Robe              |    14 |    24 |    35 |    16 ||    89
Dodge: Dodged            |    91 |   187 |   287 |   227 ||   792
Block: Buckler           |    22 |    78 |   105 |    76 ||   281
